Map: Ley Lines

Players

Vaisravana - Winner!

  • Race: Zerg Zerg
  • Spawn Location: 7:00

hiyokoeru

  • Race: Protoss Protoss
  • Spawn Location: 1:00

VOD

Have the link to the VOD?

Description

Time

  • Played on: May 27, 2025, 4:35 p.m.
  • Length: 10:09
Show
View Real Time Build Order
Export as new Build Order

Vaisravana Zerg - Winner!

Build Orders: Pool First 

Get SALT Encoding   

  12  0:00  Drone  
  13  0:12  Overlord  
  13  0:17  Drone  
  14  0:31  Drone x2  
  16  0:40  Spawning Pool  
  15  0:44  Drone  
  15  0:48  Drone  
  17  1:09  Hatchery  
  17  1:10  Drone  
  17  1:12  Extractor  
  16  1:28  Zergling x6  
  19  1:34  Queen  
  19  1:39  Drone  
  22  1:50  Overlord  
  22  2:09  Drone  
  22  2:11  Queen  
  22  2:12  Drone  
  22  2:14  Metabolic Boost  
  26  2:22  Drone x2  
  28  2:48  Evolution Chamber  
  28  2:50  Queen  
  29  2:52  Drone  
  29  2:53  Drone  
  29  2:58  Drone  
  32  3:02  Drone  
  32  3:03  Drone x2  
  32  3:04  Overlord  
  35  3:09  Drone  
  36  3:19  Zerg Melee Weapons Level 1  
  36  3:28  Lair  
  36  3:31  Drone  
  37  3:42  Zergling x14  
  37  3:46  Spore Crawler  
  43  3:49  Drone  
  43  3:53  Baneling Nest, Drone  
  44  4:03  Overlord  
  44  4:17  Drone  
  43  4:27  Drone x8  
  51  4:32  Overlord x2  
  51  4:44  Baneling x5  
  51  4:54  Zergling x2  
  51  4:55  Zergling x10  
  57  5:00  Hatchery  
  57  5:04  Drone x2  
  58  5:11  Drone x6  
  60  5:17  Drone  
  61  5:23  Drone  
  61  5:29  Zergling x2  
  62  5:39  Zergling x8  
  66  5:43  Infestation Pit  
  66  5:44  Extractor, Drone  
  66  5:45  Extractor  
  66  5:46  Drone  
  65  5:56  Drone x4  
  65  5:57  Drone  
  66  6:05  Spore Crawler, Drone  
  66  6:06  Overlord x2  
  66  6:12  Drone x2  
  66  6:13  Drone  
  66  6:17  Spore Crawler  
  66  6:18  Drone  
  69  6:20  Hive  
  67  6:27  Extractor  
  67  6:28  Drone x3  
  67  6:29  Drone x2  
  70  6:42  Drone  
  70  6:43  Zergling x4  
  70  6:44  Zergling x4  
  70  6:45  Hatchery  
  74  6:55  Zergling x18  
  83  7:02  Zerg Melee Weapons Level 2  
  83  7:04  Overlord x4  
  82  7:16  Overlord x2  
  82  7:18  Zergling x8  
  85  7:39  Adrenal Glands  
  85  7:41  Ultralisk Cavern  
  81  7:45  Zergling x10  
  81  7:47  Zergling x16  
  88  7:52  Drone x3  
  88  7:55  Queen  
  88  7:56  Queen x3  
  99  8:02  Overlord x2  
  96  8:29  Chitinous Plating  
  96  8:30  Ultralisk  
  96  8:31  Ultralisk x2  
  114  8:34  Extractor  
  114  8:36  Ultralisk  
  114  8:38  Drone x5  
  114  8:39  Drone x7  
  130  8:52  Drone x2  
  130  8:53  Extractor, Drone  
  132  8:56  Ultralisk  
  138  9:05  Zergling x18  
  138  9:06  Zergling x8  
  150  9:17  Ultralisk  
  150  9:19  Zergling x2  
  150  9:20  Zergling x4  
  150  9:21  Overlord  
  150  9:22  Overlord x3  
Show
View Real Time Build Order
Export as new Build Order

hiyokoeru Protoss 

Build Orders: Oracle Opening 

Get SALT Encoding   

  12  0:00  Probe  
  13  0:13  Probe  
  14  0:19  Pylon  
  14  0:25  Probe  
  15  0:37  Probe  
  15  0:40  Gateway  
  16  0:46  Assimilator  
  16  0:49  Probe  
  17  0:57  Probe  
  18  1:05  Probe  
  19  1:17  Probe  
  20  1:29  Cybernetics Core, Probe, Pylon  
  21  1:53  Nexus  
  21  1:55  Adept  
  21  1:59  Probe  
  24  2:12  Pylon  
  24  2:16  Probe  
  24  2:18  Pylon  
  26  2:30  Probe  
  26  2:37  Assimilator  
  26  2:38  Adept  
  26  2:41  Stargate  
  26  2:43  Probe  
  29  2:47  Warp Gate  
  29  2:58  Probe  
  30  3:10  Probe  
  30  3:11  Probe  
  34  3:22  Oracle, Probe  
  34  3:23  Probe  
  37  3:34  Probe  
  37  3:35  Probe  
  39  3:44  Stalker  
  39  3:46  Probe  
  39  3:47  Probe  
  43  3:56  Nexus  
  43  3:58  Probe  
  43  3:59  Probe  
  44  4:11  Probe  
  44  4:15  Probe  
  46  4:21  Pylon  
  46  4:25  Probe  
  46  4:30  Probe, Twilight Council  
  48  4:36  Forge  
  48  4:37  Probe  
  49  4:40  Gateway  
  49  4:42  Gateway  
  49  4:43  Probe  
  50  4:49  Probe  
  51  4:53  Oracle  
  51  4:55  Adept  
  51  4:56  Shield Battery  
  53  5:02  Probe x2  
  53  5:06  Protoss Ground Weapons Level 1  
  54  5:18  Charge  
  54  5:19  Probe  
  55  5:26  Probe  
  56  5:29  Assimilator  
  56  5:31  Probe  
  56  5:32  Zealot  
  56  5:33  Assimilator  
  56  5:34  Probe  
  60  5:38  Probe  
  60  5:39  Templar Archives  
  61  5:44  Probe  
  61  5:46  Probe, Pylon  
  61  5:47  Pylon  
  61  5:48  Pylon  
  63  5:50  Probe  
  63  5:54  Pylon  
  63  5:55  Psionic Storm  
  62  5:57  Shield Battery  
  62  6:01  Probe x2  
  62  6:02  Probe, Photon Cannon  
  62  6:03  Photon Cannon  
  65  6:13  Probe x2, Pylon  
  65  6:14  Probe  
  68  6:25  Probe x2  
  70  6:30  Gateway  
  70  6:32  Gateway  
  70  6:33  Gateway  
  70  6:34  Probe  
  70  6:35  Gateway  
  70  6:37  Probe  
  72  6:45  High Templar x2  
  72  6:46  High Templar  
  78  6:51  Assimilator  
  78  6:57  Assimilator  
  78  7:02  Gateway  
  78  7:03  Gateway  
  78  7:05  Gateway  
  78  7:06  Gateway  
  78  7:07  Pylon  
  78  7:16  Probe  
  78  7:17  Probe x2  
  81  7:27  Robotics Facility  
  81  7:30  High Templar  
  81  7:32  High Templar  
  81  7:33  Zealot x2  
  81  7:34  Zealot x3  
  95  8:01  High Templar x3  
  95  8:02  Zealot  
  95  8:03  Zealot x6  
  95  8:05  Archon x2  
  115  8:10  Warp Prism  
  115  8:11  Stalker  
  117  8:19  Pylon  
  119  8:29  Pylon  
  119  8:31  Zealot x3, Pylon  
  119  8:32  Pylon  
  125  8:34  Pylon  
  125  8:36  Pylon x2  
  125  8:37  Pylon  
  125  8:40  Pylon  
  125  8:44  High Templar  
  125  8:45  High Templar x3  
  133  8:49  Archon  
  133  8:50  Archon, Observer  
  133  8:53  Zealot x7  
  148  9:05  Immortal  
  148  9:08  Photon Cannon  
  148  9:10  Photon Cannon  
  152  9:23  Zealot x8  
  168  9:24  Zealot  
  169  9:34  Zealot x2  
Tags
 
Add a new tag
Caveats
  • Supply blocks, unpowered buildings, or Contaminate may cause inaccurate times.
  • Supply counts are checked every 10 seconds.